 Dungeon Crawl Stone Soup version 0.17-a0-186-g8d083fd (webtiles) character file.

7235 Tabbe the Cleaver (level 10, 0/83 HPs)
             Began as a Minotaur Berserker on Mar 27, 2015.
             Was a High Priest of Trog.
             Slain by an unseen horror (6 damage)
             ... on level 10 of the Dungeon.
             The game lasted 00:16:58 (8718 turns).

Tabbe the Cleaver (Minotaur Berserker)              Turns: 8718, Time: 00:16:59

Health: 0/83       AC:  7    Str: 24      XL:     10   Next: 88%
Magic:  4/4        EV: 14    Int:  6      God:    Trog [*****.]
Gold:   475        SH:  0    Dex:  8 (11) Spells: 0 memorised, 9 levels left

rFire  . . .     SeeInvis .     U - +7 battleaxe (flame)
rCold  . . .     Clarity  .     y - +0 leather armour
rNeg   . . .     SustAb   .     (no shield)
rPois  .         Gourm    .     m - +0 hat
rElec  .         Spirit   .     r - +0 cloak
rCorr  .         Warding  .     (no gloves)
rMut   .         Stasis   .     T - +0 pair of boots
MR     ++...                    E - amulet of rage
Stlth  ++........               (no ring)
                                p - ring of stealth

@: regenerating, very resistant to hostile enchantments, unstealthy
A: retaliatory headbutt, horns 2, icy blue scales 1, clever 1
a: Burn Spellbooks, Berserk, Trog's Hand, Brothers in Arms, Renounce Religion,
Evoke Berserk Rage


You were on level 10 of the Dungeon.
You worshipped Trog.
Trog was extremely pleased with you.
You were not hungry.

You visited 1 branch of the dungeon, and saw 10 of its levels.

You collected 475 gold pieces.

Inventory:

Hand weapons
 a - a +0 hand axe
 h - a +0 blowgun
 x - a +3 hand axe
 O - a +1 flail of protection
 S - a +0 war axe
 U - a +7 battleaxe of flaming (weapon)
Missiles
 n - 38 bolts
 I - 4 needles of sleeping
 P - 12 poisoned needles
 V - 18 poisoned bolts
Armour
 b - a +0 animal skin
 m - a +0 hat (worn)
 r - a +0 cloak (worn)
 y - a +0 leather armour (worn)
 T - a +0 pair of boots (worn)
Jewellery
 g - a cursed ring of ice
 p - a ring of stealth (left hand)
 E - an amulet of rage (around neck)
Magical devices
 K - a wand of teleportation (4)
 L - a wand of frost (0)
Scrolls
 f - 7 scrolls of identify
 i - 2 scrolls of fog {unknown}
 k - 3 scrolls of blinking {unknown}
 q - 7 scrolls of teleportation
 t - 4 scrolls of random uselessness {unknown}
 u - 9 scrolls of remove curse
 v - a scroll of immolation {unknown}
 w - 3 scrolls of fear {unknown}
 C - 2 scrolls of enchant armour {unknown}
 D - 3 scrolls of enchant weapon {unknown}
 G - 2 scrolls of amnesia {unknown}
 H - 2 scrolls of recharging {unknown}
 M - a scroll of holy word {unknown}
 W - a scroll of brand weapon {unknown}
Potions
 d - a potion of curing
 j - 3 potions of restore abilities {unknown}
 l - a potion of heal wounds {unknown}
 s - a potion of poison {unknown}
 z - a potion of magic {unknown}
 A - 2 potions of brilliance
 J - a potion of might {unknown}
 N - a potion of cancellation {unknown}
 R - a potion of degeneration {unknown}
Books
 e - a book of Battle

   Spells                             Type                      Level
   a - Infusion                       Charms                       1
   b - Shroud of Golubria             Charms/Translocation         2
   c - Song of Slaying                Charms                       2
   d - Spectral Weapon                Hexes/Charms                 3
   e - Regeneration                   Charms/Necromancy            3
   Trog disapproves of the use of such an item.
 Q - a book of Flames

   Spells                             Type                      Level
   a - Flame Tongue                   Conjuration/Fire             1
   b - Throw Flame                    Conjuration/Fire             2
   c - Conjure Flame                  Conjuration/Fire             3
   d - Inner Flame                    Hexes/Fire                   3
   e - Sticky Flame                   Conjuration/Fire             4
   f - Fireball                       Conjuration/Fire             5
   Trog disapproves of the use of such an item.
Comestibles
 c - 8 bread rations
 o - 3 meat rations
 B - 4 beef jerkies
 F - a royal jelly


   Skills:
 - Level 5.9 Fighting
 * Level 13.8 Axes
 - Level 8.5 Armour
 - Level 7.3 Dodging
 - Level 7.0 Unarmed Combat


You had 9 spell levels left.
You didn't know any spells.

Dungeon Overview and Level Annotations

Branches:
Dungeon (10/15)            Temple (0/1) D:5            Lair (0/8) D:9
    Orc (0/4) D:10

Altars:
Cheibriados
Dithmenos
Nemelex Xobeh
Qazlal
Ru
Sif Muna
Trog
Vehumet
Xom
Beogh

Shops:
D:10 :


Innate Abilities, Weirdness & Mutations

You reflexively headbutt those who attack you in melee.
You have a pair of horns on your head.
You are partially covered in icy blue scales (AC +1).
Your mind is acute. (Int +2)


Message History

Unknown command.
Use which ability? (? or * to list)
Your skin crawls.
You feel resistant to hostile enchantments.
You feel slightly more hungry. Something hits you!
* * * LOW HITPOINT WARNING * * *
Something completely misses you. Something hits you.
* * * LOW HITPOINT WARNING * * *
Something hits you.
* * * LOW HITPOINT WARNING * * *
There is an open door, spattered with blood here.
You hit something! You burn something. Something hits you!
* * * LOW HITPOINT WARNING * * *
Drink which item? (? for menu, Esc to quit)
You feel better. Something hits you!
* * * LOW HITPOINT WARNING * * *
Something hits you.
* * * LOW HITPOINT WARNING * * *
You close the door.
Something hits you.
You die...

#.......#.....'.>.#
#.......#.....#...#
##.......#.....#...#
.........#.....#...#
.........###..##...#
..##'##+####'###...#
..'........#..'....#
..#........'..#....#
..#..###'###'###@..#
..#..##..###.###+###
..#...........#....#
..#...........'....#
..#...........#....#
..'...........#....#
..#..##.###'####'###
..#..##.###.###....#
..'..........'.....#


There were no monsters in sight!

Vanquished Creatures
  The ghost of squibie the Protected, an experienced DgWn (D:9)
  A hill giant (D:10)
  A two-headed ogre (D:10)
  6 yaks (D:10)
  2 deep elf magi (D:9)
  A mottled dragon (D:10)
  The ghost of Tabbe the Ducker, an average HEGl (D:4)
  Edmund (D:9)
  A water moccasin (D:9)
  Menkaure (D:4)
  3 orc warriors
  6 sky beasts
  3 ogres
  An ice beast (D:9)
  3 phantoms
  An eye of draining (D:8)
  3 centaurs
  5 giant frogs
  2 crocodiles (D:9)
  A water moccasin zombie (D:7)
  3 scorpions
  5 wights (D:6)
  2 crimson imps
  A quasit (D:6)
  A goliath beetle (D:6)
  4 hounds
  2 giant frog skeletons
  12 orc priests
  6 worker ants
  2 iguanas
  2 jellies
  A gnoll shaman (D:6)
  5 orc wizards
  Ijyb (D:2)
  Jessica (D:2)
  A hound zombie (D:7)
  Robin (D:2)
  2 river rats (D:9)
  10 adders
  12 gnolls
  3 shadow imps
  6 worms
  An adder zombie (D:9)
  3 giant geckos
  An ooze (D:5)
  50 orcs
  A ball python (D:1)
  16 bats
  A bat skeleton (D:6)
  A bat zombie (D:5)
  9 giant cockroaches
  14 hobgoblins
  27 jackals
  5 quokkas
  A giant gecko skeleton (D:4)
  2 giant gecko zombies
  7 giant newts
  23 goblins
  A jackal skeleton (D:6)
  10 kobolds
  A quokka skeleton (D:7)
  A quokka zombie (D:9)
  18 rats
  5 ballistomycetes
  2 fungi (D:9)
327 creatures vanquished.

Vanquished Creatures (others)
  2 giant spores
  2 fungi (D:9)
  A plant (D:9)
5 creatures vanquished.

Grand Total: 332 creatures vanquished

Notes
Turn   | Place    | Note
--------------------------------------------------------------
     0 | D:1      | Tabbe, the Minotaur Berserker, began the quest for the Orb.
     0 | D:1      | Reached XP level 1. HP: 19/19 MP: 1/1
   132 | D:1      | Reached XP level 2. HP: 24/27 MP: 1/1
   398 | D:1      | Acquired Trog's second power
   678 | D:1      | Reached skill level 4 in Axes
   686 | D:1      | Reached skill level 1 in Unarmed Combat
   723 | D:2      | Noticed Jessica
   724 | D:2      | Noticed Ijyb
   733 | D:2      | Killed Jessica
   733 | D:2      | Reached XP level 3. HP: 13/33 MP: 2/2
   734 | D:2      | Killed Ijyb
   935 | D:2      | Reached XP level 4. HP: 25/40 MP: 2/2
   971 | D:2      | Found a shadowy altar of Dithmenos.
  1179 | D:2      | Noticed Robin
  1192 | D:2      | Killed Robin
  1437 | D:3      | Reached XP level 5. HP: 47/47 MP: 2/2
  1590 | D:3      | Reached skill level 5 in Axes
  1960 | D:3      | Found a shimmering altar of Xom.
  1968 | D:3      | Found a sacrificial altar of Ru.
  2134 | D:3      | Reached XP level 6. HP: 50/53 MP: 3/3
  2277 | D:4      | Noticed Menkaure
  2288 | D:4      | Killed Menkaure
  2288 | D:4      | Reached skill level 5 in Fighting
  2420 | D:4      | Acquired Trog's third power
  2496 | D:4      | Reached XP level 7. HP: 29/61 MP: 3/3
  2547 | D:4      | Found a bloodstained altar of Trog.
  2547 | D:4      | Found a radiant altar of Vehumet.
  2548 | D:4      | Found a sparkling altar of Nemelex Xobeh.
  2794 | D:4      | Noticed Tabbe's ghost (average HEGl)
  2824 | D:4      | Killed Tabbe's ghost
  2824 | D:4      | Reached skill level 6 in Axes
  2938 | D:4      | Reached skill level 5 in Armour
  2955 | D:4      | Found a snail-covered altar of Cheibriados.
  3148 | D:5      | Entered Level 5 of the Dungeon
  3293 | D:5      | Received a gift from Trog
  3300 | D:5      | Reached XP level 8. HP: 51/70 MP: 3/3
  3805 | D:5      | Found a staircase to the Ecumenical Temple.
  3811 | D:5      | Reached skill level 5 in Dodging
  3816 | D:5      | Reached skill level 7 in Axes
  4376 | D:6      | Found a stormy altar of Qazlal.
  4502 | D:6      | Reached skill level 5 in Unarmed Combat
  4669 | D:6      | Reached skill level 8 in Axes
  5165 | D:6      | Reached XP level 9. HP: 11/75 MP: 4/4
  5390 | D:6      | Reached skill level 9 in Axes
  6023 | D:7      | Found a deep blue altar of Sif Muna.
  6333 | D:8      | Gained mutation: Your mind is acute. (Int +2) [mutagenic meat]
  6764 | D:8      | Reached skill level 10 in Axes
  7214 | D:9      | Noticed Edmund
  7219 | D:9      | Gained mutation: You are partially covered in icy blue scales (AC +1). [mutagenic meat]
  7310 | D:9      | Received a gift from Trog
  7310 | D:9      | Reached XP level 10. HP: 30/83 MP: 4/4
  7434 | D:9      | Noticed squibie's ghost (experienced DgWn)
  7548 | D:9      | Killed squibie's ghost
  7593 | D:9      | Reached skill level 11 in Axes
  7611 | D:9      | Found a staircase to the Lair.
  7833 | D:9      | Killed Edmund
  7944 | D:10     | Entered Level 10 of the Dungeon
  7959 | D:10     | Found Zezxefac's Book Shop.
  8221 | D:10     | Found a staircase to the Orcish Mines.
  8234 | D:10     | Reached skill level 12 in Axes
  8261 | D:10     | Found a roughly hewn altar of Beogh.
  8371 | D:10     | Noticed a hill giant
  8376 | D:10     | Killed a hill giant
  8485 | D:10     | Reached skill level 13 in Axes
  8715 | D:10     | HP: 3/83 [something (9)]
  8718 | D:10     | Slain by an unseen horror

Action                   |  1- 3 |  4- 6 |  7- 9 | 10-12 || total
-------------------------+-------+-------+-------+-------++-------
Melee: Hand axe          |    66 |   169 |   503 |       ||   738
       War axe           |       |       |    14 |       ||    14
       Battleaxe         |       |       |       |   113 ||   113
Invok: Berserk           |     1 |     2 |     7 |     2 ||    12
       Trog's Hand       |     1 |     6 |     6 |     5 ||    18
Evoke: Wand              |       |       |     5 |       ||     5
  Use: Scroll            |       |     4 |       |     1 ||     5
       Potion            |       |     2 |       |     2 ||     4
 Stab: Sleeping          |       |     4 |     4 |     1 ||     9
  Eat: Chunk             |     1 |     7 |    18 |     4 ||    30
       Meat ration       |       |       |     1 |       ||     1
       Fruit             |       |       |     4 |     2 ||     6
       Royal jelly       |       |       |       |     1 ||     1
